 Dungeon Crawl Stone Soup version 0.29-a0-824-gd827844252 (webtiles) character file.

Game seed: 10296538771389360962

411 jimonade the Trooper (level 7, 0/54 HPs)
             Began as a Djinni Fighter on July 9, 2022.
             Slain by Edmund
             ... wielding a +4 vorpal flail
              (9 damage)
             ... on level 4 of the Dungeon.
             The game lasted 00:08:22 (4149 turns).

jimonade the Trooper (Djinni Fighter)               Turns: 4149, Time: 00:08:23

Health: 0/54       AC: 11    Str: 19    XL:     7   Next: 14%
Gold:   175        EV:  5    Int: 15    God:
                   SH:  5    Dex: 13

rFire   + + +      SeeInvis .   a - +0 long sword
rCold   x x .      Faith    .   c - +0 buckler
rNeg    . . .      Spirit   .   h - +0 plate armour
rPois   ∞          Reflect  .   (no helmet)
rElec   .          Harm     .   (no cloak)
rCorr   .          Rampage  .   (no gloves)
Will    .....                   (boots unavailable)
Stlth   ..........              (no amulet)
HPRegen 0.18/turn               x - +6 ring of intelligence
MPRegen 0.00/turn               C - ring "Olutzy" {Fire Str+2 Slay+2}

@: flying
A: sickness immunity, fire resistance 2, cold vulnerability 1, float, innate
caster, HP casting, extra vitality 1
a: no special abilities


You were on level 4 of the Dungeon.
You visited 1 branch of the dungeon, and saw 4 of its levels.

You collected 175 gold pieces.

Inventory:

Hand Weapons
 a - a +0 long sword (weapon)
 j - a +3 dagger
 p - a +1 mace of holy wrath
 t - a +0 spear
Missiles
 f - 54 stones (quivered)
 B - 5 poisoned darts
Armour
 b - a +0 scale mail
 c - a +0 buckler (worn)
 h - a +0 plate armour (worn)
 D - a +0 chain mail
 E - a +0 ring mail
Jewellery
 k - a ring of fire
 x - a +6 ring of intelligence (left hand)
 C - the ring "Olutzy" (right hand) {Fire Str+2 Slay+2}
   (You took it off a hobgoblin on level 3 of the Dungeon)

   [ring of fire]

   It enhances your fire magic.
   Str:       It affects your strength (+2).
   Slay:      It affects your accuracy & damage with ranged weapons and melee
   (+2).
   rF:        It protects you from fire.
   rC:        It makes you vulnerable to cold.
Wands
 s - a wand of flame (10)
Scrolls
 g - 3 scrolls of teleportation {unknown}
 l - a scroll of immolation {unknown}
 m - a scroll of silence {unknown}
 n - a scroll of enchant weapon {unknown}
 r - a scroll of acquirement {unknown}
 y - a scroll of amnesia {unknown}
 A - 2 scrolls of fear {unknown}
Potions
 d - a potion of might
 e - 3 potions of heal wounds {unknown}
 i - a potion of flight {unknown}
 o - a potion of cancellation {unknown}
 q - 2 potions of degeneration {unknown}
 u - a potion of invisibility {unknown}
 v - a potion of haste {unknown}
 w - a potion of curing {unknown}
 z - a potion of mutation {unknown}


   Skills:
 * Level 5.3 Fighting
 - Level 3.1 Long Blades
 + Level 3.5 Armour
 + Level 0.9 Dodging
 - Level 3.8 Shields
 * Level 1.7 Spellcasting


You had 3 spell levels left.
You knew the following spells:

 Your Spells              Type           Power      Damage    Failure   Level
a - Summon Small Mammal   Summ           24%        N/A       99%         1
b - Passwall              Tmut/Erth      5%         N/A       100%        2
c - Dazzling Flash        Conj/Hex       12%        N/A       100%        3
Your spell library was empty.


Dungeon Overview and Level Annotations

Branches:
Dungeon (4/15)
 Temple: D:4-7

Altars:
Cheibriados

Annotations:
D:4 Edmund


Innate Abilities, Weirdness & Mutations

You are immune to sickness and miasma.
You are immune to poison.
Your flesh is very heat resistant. (rF++)
You are vulnerable to cold. (rC-)
You float through the air rather than walking.
You learn spells naturally, not from books.
Your magical power is your life essence.
You have superior vitality. (+4 MHP)


Message History

Done exploring.
Search for what [Enter for "."]? .
There is a stone staircase leading down here.
You fly downwards.
There is a stone staircase leading up here.
There is an escape hatch in the floor here.
A ball python comes into view.
You hit the ball python.
You kill the ball python!
No target in view!
You see here a ball python corpse.
Edmund and a hound come into view.
Edmund is wielding a +4 vorpal flail and carrying a wand of quicksilver (1).
Edmund shouts!
The hound barks!
You hear an angry hiss.
Edmund zaps a wand.
The bolt of dispelling energy hits you!!
Ouch! That really hurt!
The now-empty wand crumbles to dust.
The hound stops to sniff the ground.
You barely miss the hound. The hound bites you but does no damage.
You block the hound's attack.
You completely miss the hound. The hound bites you. x2
You hit the hound.
The hound is lightly wounded.
The hound bites you. x2
* * * LOW HITPOINT WARNING * * *
You slash the hound!
The hound is almost dead.
The hound bites you.
* * * LOW HITPOINT WARNING * * *
The hound bites you but does no damage.
You closely miss the hound.
The hound is almost dead.
The hound bites you.
* * * LOW HITPOINT WARNING * * *
The hound barely misses you.
You slash the hound!
You kill the hound!
You closely miss Edmund. Edmund hits you with a +4 vorpal flail!
You die...

### ..# #######.###
#......... ## #
#.#...... . .
.....#.# .# # #.
#.#.#.###.#...
#.####.@@...........#
#.....###...#.#....#
##.#.## ##..#.##h#.#
##..# ##.....#.#.#
#...## #†.......#.#
#..@#.###.#####.[#.#
#.##.#.....# #..#.#
#.#....#.#.# #....#
#..........#
#..######


You could see Edmund.

Vanquished Creatures
  A black bear (D:4)
  A hound (D:4)
  Natasha (thrice) (D:3)
  An iguana (D:4)
  An orc wizard (D:3)
  6 gnolls
  2 adders (D:2)
  An ufetubus (D:4)
  3 worms
  A dart slug (D:2)
  3 orcs (D:3)
  10 ball pythons
  4 bats
  5 endoplasms
  3 giant cockroaches
  5 goblins
  6 hobgoblins
  7 jackals
  6 kobolds
  2 quokkas (D:2)
  5 rats
76 creatures vanquished.

Notes
Turn   | Place    | Note
-------+----------+-------------------------------------------
     0 | D:1      | jimonade the Djinni Fighter began the quest for the Orb.
     0 | D:1      | Reached XP level 1. HP: 20/20 MP: 0/0
   274 | D:1      | Reached XP level 2. HP: 8/25 MP: 0/0
   797 | D:1      | Reached XP level 3. HP: 29/30 MP: 0/0
   797 | D:1      | Learned a level 1 spell: Summon Small Mammal
  1553 | D:2      | Reached XP level 4. HP: 33/35 MP: 0/0
  2186 | D:2      | Reached XP level 5. HP: 39/41 MP: 0/0
  2186 | D:2      | Learned a level 2 spell: Passwall
  2265 | D:3      | Reached skill level 1 in Spellcasting
  2272 | D:3      | Noticed Natasha
  2284 | D:3      | Killed Natasha
  2470 | D:3      | Noticed Natasha
  2481 | D:3      | Killed Natasha
  2575 | D:3      | Noticed Natasha
  2587 | D:3      | Killed Natasha
  2695 | D:3      | Reached skill level 4 in Fighting
  2695 | D:3      | Reached XP level 6. HP: 43/47 MP: 0/0
  2956 | D:3      | Found a faded altar of an unknown god.
  2961 | D:3      | Identified the ring "Olutzy" {Fire Str+2 Slay+2}
  3604 | D:4      | Found a snail-covered altar of Cheibriados.
  3649 | D:4      | Noticed a black bear
  3677 | D:4      | Killed a black bear
  3678 | D:4      | Reached skill level 5 in Fighting
  3678 | D:4      | Reached XP level 7. HP: 12/54 MP: 0/0
  3678 | D:4      | Learned a level 3 spell: Dazzling Flash
  4135 | D:4      | Noticed Edmund
  4149 | D:4      | Slain by Edmund

Illustrated notes

Levels and vault maps discovered:
D:1:      ncdulo_smallfort, layout_loops_cross, minmay_indecisive_spiral
D:2:      wad_crossroads, layout_rooms
D:3:      layout_loops_ring, hellmonk_ecumenical_altar_crossroads,
          chequers_hall_statues_wall_a, grunt_ministairs_3,
          minmay_misc_feat_more_columns, uniq_natasha
D:4:      layout_loops_ring, cheibriados_altar_1, kennysheep_boxes, uniq_pikel,
          uniq_edmund

Skill      XL: |  1  2  3  4  5  6 |
---------------+-------------------+-----
Long Blades    | 2 3 |  3.1
Spellcasting   | 1 |  1.7
Fighting       | 4 5 |  5.3
Armour         | |  3.5
Dodging        | |  0.9
Shields        | |  3.8

Action                   |  1- 3 |  4- 6 |  7- 9 || total
-------------------------+-------+-------+-------++-------
Melee: Long sword        |    85 |   212 |     8 ||   305
Armor: Scale mail        |    47 |    41 |       ||    88
       Plate armour      |       |    98 |     2 ||   100
Dodge: Dodged            |    33 |    88 |     1 ||   122
Block: Buckler           |    27 |    62 |     1 ||    90

Table legend: (Time is in decaauts)
 A = Elapsed time spent in this place.
 B = Non-inter-level travel time spent in this place.
 C = Inter-level travel time spent in this place.
 D = Time resting spent in this place.
 E = Time spent auto-exploring this place.
 F = Levels seen in this place.
 G = Mean time per level.
                   A        B        C        D        E       F      G
               +--------+--------+--------+--------+--------+-----+--------+
         Total |   4243 |   4100 |    143 |    718 |   2395 |   4 | 1060.8 |
       Dungeon |   4243 |   4100 |    143 |    718 |   2395 |   4 | 1060.8 |
               +--------+--------+--------+--------+--------+-----+--------+

Top non-repeatable levels by time:
     D:3: 1811 daAuts
     D:2: 1306 daAuts
     D:1: 989 daAuts
     D:4: 135 daAuts
